 Dungeon Crawl Stone Soup version 0.31-a0-1009-g454b1f1e0a (webtiles) character file.

Game seed: 17587146588557545460

201 Gynju the Trooper (level 5, -12/50 HPs)
             Began as a Minotaur Fighter on Nov 15, 2023.
             Mangled by a gnoll
             ... wielding a +1 whip of distortion
              (17 damage)
             ... on level 3 of the Dungeon.
             The game lasted 00:02:35 (2987 turns).

Gynju the Trooper (Minotaur Fighter)                Turns: 2987, Time: 00:02:35

Health: -12/50     AC:  6    Str: 23    XL:     5   Next: 50%
Magic:  4/4        EV:  9    Int:  5    God:
Gold:   207        SH:  4    Dex:  9    Spells: 4/4 levels left

rFire   . . .        a - +0 flail
rCold   . . .        c - +0 buckler
rNeg    . . .        b - +0 scale mail
rPois   .            (helmet restricted)
rElec   .            (no cloak)
rCorr   .            (no gloves)
SInv    .            (no boots)
Will    .....        (no amulet) Stlth
                     (no ring)
HPRegen 0.28/turn    (no ring)
MPRegen 0.09/turn

%: no passive effects
@: no status effects
A: horns 2, retaliatory headbutt
a: no special abilities


You were on level 3 of the Dungeon.
You visited 1 branch of the dungeon, and saw 4 of its levels.

You collected 207 gold pieces.

Inventory:

Hand Weapons
 a - a +0 flail (weapon)
Armour
 b - a +0 scale mail (worn)
 c - a +0 buckler (worn)
Jewellery
 o - a ring of flight
Wands
 m - a wand of mindburst (12)
Scrolls
 e - 2 scrolls of identify {unknown}
 h - 4 scrolls of teleportation {unknown}
 j - 2 scrolls of fog {unknown}
 k - a scroll of blinking {unknown}
 l - a scroll of vulnerability {unknown}
Potions
 d - 2 potions of might
 f - 3 potions of lignification {unknown}
 g - a potion of heal wounds {unknown}
 i - 3 potions of curing {unknown}
 n - a potion of invisibility {unknown}
 p - a potion of degeneration {unknown}


   Skills:
 + Level 5.9 Fighting
 + Level 5.2 Maces & Flails
 - Level 3.6 Armour
 - Level 3.6 Shields


You had 4 spell levels left.
You didn't know any spells.
Your spell library contained the following spells:

 Spells                   Type           Power      Damage    Failure   Level
 Shock                    Conj/Air       0%         1d3       85%         1
 Swiftness                Air            0%         N/A       99%         3
 Airstrike                Air            0%         2d(0-16)  100%        4


Dungeon Overview and Level Annotations

Branches:
Dungeon (4/15)
 Temple: D:4-7

Altars:
Cheibriados
Ru
Vehumet

Shops:
D:3 [


Innate Abilities, Weirdness & Mutations

You have a pair of horns on your head.
You reflexively headbutt those who attack you in melee.


Message History

You closely miss the gnoll. Your headbutt misses the gnoll.
The gnoll closely misses you.
You barely miss the gnoll. The gnoll hits you with a +0 flail.
You thump the gnoll!
The gnoll is severely wounded.
The gnoll closely misses you.
You hit the gnoll. Your headbutt misses the gnoll.
The gnoll is almost dead.
The gnoll hits you with a +0 flail. The gnoll hits you but does no damage.
You closely miss the gnoll. Your headbutt misses the gnoll.
The gnoll is almost dead.
The gnoll barely misses you.
You barely miss the gnoll.
The gnoll is almost dead.
The gnoll closely misses you.
You barely miss the gnoll.
The gnoll is almost dead.
The gnoll barely misses you.
You hit the gnoll.
You kill the gnoll!
No target in view!
No target in view!
Things that are here:
a +0 flail; a +0 whip; a gnoll corpse
There is a stone staircase leading down here.
You climb downwards.
The gnoll barely misses you.
There is a stone staircase leading up here.
The gnoll hits you but does no damage. Space warps horribly around you!!
Ouch! That really hurt!
You climb upwards.
There is a stone staircase leading down here.
You sock the gnoll!
The gnoll is almost dead.
The gnoll hits you with a +1 whip of distortion.
Space warps horribly around you!
* * * LOW HITPOINT WARNING * * *
The gnoll hits you with a +1 whip of distortion.
* * * LOW HITPOINT WARNING * * *
Space warps horribly around you!
You die...

##### ####...#######
#..#.#.......# #...∩..#####.#
#.##.### #.# #.....######'##
#....)##......#
#...g@##......#
###.###.##......########
#######..'##...+......'.......
#.....................#####.##
#.....#####...........## #.##
#..8.## >.##.8.........# #..%
#...## ....##..........# #.##
#..#####....##.........# #.#.
#.##⌠.⌠##....##.#......# #.#.


You could see a gnoll.

Vanquished Creatures
  Terence (D:3)
  An iguana (D:3)
  A mummy (D:3)
  4 adders
  3 gnolls
  2 worms (D:2)
  3 dart slugs
  An orc (D:3)
  3 giant cockroaches
  4 goblins
  5 hobgoblins
  9 kobolds
  5 quokkas
  7 ball pythons
  3 bats
  5 frilled lizards
  8 rats
65 creatures vanquished.

Notes
Turn   | Place    | Note
-------+----------+-------------------------------------------
     0 | D:1      | Gynju the Minotaur Fighter began the quest for the Orb.
     0 | D:1      | Reached XP level 1. HP: 19/19 MP: 0/0
   192 | D:1      | Reached XP level 2. HP: 20/27 MP: 1/1
   337 | D:1      | Found a faded altar of an unknown god.
  1189 | D:2      | Reached XP level 3. HP: 32/34 MP: 2/2
  1662 | D:2      | Reached XP level 4. HP: 40/41 MP: 3/3
  1780 | D:2      | Reached skill level 5 in Fighting
  2130 | D:3      | Noticed Terence
  2138 | D:3      | Killed Terence
  2204 | D:3      | Reached XP level 5. HP: 29/48 MP: 4/4
  2345 | D:3      | Found a snail-covered altar of Cheibriados.
  2544 | D:3      | Reached skill level 5 in Maces & Flails
  2617 | D:3      | Found Nudghepui's Armour Emporium.
  2689 | D:3      | Found a faded altar of an unknown god.
  2697 | D:3      | Found a radiant altar of Vehumet.
  2790 | D:3      | Found a sacrificial altar of Ru.
  2987 | D:3      | Mangled by a gnoll

Illustrated notes

Levels and vault maps discovered:
D:1:      minmay_arrival_jagged, layout_basic, basic_ecumenical_altar,
          minmay_curled_crystal
D:2:      minmay_razor_zed, layout_basic
D:3:      minmay_door_path, layout_basic, nicolae_ru_path_of_blood,
          nicolae_overflow_ecumenical_swirl, slow_altar_2, serial_shops,
          nicolae_shop_crystal, uniq_terence
D:4:      layout_gridville

Skill      XL: |  1  2  3  4  5 |
---------------+----------------+-----
Fighting       | 4 5 |  5.9
Maces & Flails | 3 4 5 |  5.2
Armour         | |  3.6
Shields        | |  3.6

Action                     |  1- 3 |  4- 6 || total
---------------------------+-------+-------++-------
  Melee: Flail             |    82 |    62 ||   144
         Headbutt          |    12 |    12 ||    24
 Armour: Scale mail        |    45 |    47 ||    92
  Dodge: Dodged            |    36 |    29 ||    65
  Block: Buckler           |    17 |     7 ||    24

Table legend: (Time is in decaauts)
 A = Elapsed time spent in this place.
 B = Non-inter-level travel time spent in this place.
 C = Inter-level travel time spent in this place.
 D = Time resting spent in this place.
 E = Time spent auto-exploring this place.
 F = Levels seen in this place.
 G = Mean time per level.
                   A        B        C        D        E       F      G
               +--------+--------+--------+--------+--------+-----+--------+
         Total |   3024 |   2913 |    111 |     52 |   2435 |   4 |  756.0 |
       Dungeon |   3024 |   2913 |    111 |     52 |   2435 |   4 |  756.0 |
               +--------+--------+--------+--------+--------+-----+--------+

Top non-repeatable levels by time:
     D:3: 1063 daAuts
     D:2: 996 daAuts
     D:1: 899 daAuts
     D:4: 64 daAuts
